 Dungeon Crawl Stone Soup version 0.31.0-9-g3a7656b989 (webtiles) character file.

Game seed: 716112071380901722

41 qw the Shooter (level 3, -3/20 HPs)
             Began as a Deep Elf Hunter on Feb 2, 2024.
             Slain by Natasha (8 damage)
             ... on level 2 of the Dungeon.
             The game lasted 00:00:02 (501 turns).

qw the Shooter (Deep Elf Hunter)                     Turns: 501, Time: 00:00:03

Health: -3/20      AC:  3    Str: 10    XL:     3   Next: 32%
Magic:  5/5        EV: 12    Int: 13    God:
Gold:   57         SH:  0    Dex: 18    Spells: 2/2 levels left

rFire   . . .        a - +0 shortbow
rCold   . . .        (shield currently unavailable)
rNeg    . . .        c - +0 leather armour
rPois   .            (no helmet)
rElec   .            (no cloak)
rCorr   .            (no gloves)
SInv    .            (no boots)
Will    .....        (no amulet)
Stlth   ++           (no ring)
HPRegen 0.23/turn    (no ring)
MPRegen 0.09/turn

%: no passive effects
@: about to teleport
A: no striking features
a: no special abilities


You were on level 2 of the Dungeon.
You visited 1 branch of the dungeon, and saw 2 of its levels.

You collected 57 gold pieces.


   Skills:
 - Level 1.5 Fighting
 + Level 6.9 Ranged Weapons
 - Level 2.4 Dodging
 - Level 1.2 Stealth


You had 2 spell levels left.
You didn't know any spells.
Your spell library was empty.

Inventory:

Hand Weapons
 a - a +0 shortbow (weapon)
Armour
 b - a +0 scale mail
 c - a +0 leather armour (worn)
Potions
 d - a potion of heal wounds {unknown}
 e - a potion of cancellation

Dungeon Overview and Level Annotations

Branches:
Dungeon (2/15)

Altars:

Annotations:
D:2 Natasha


Message History

The arrow barely misses the ball python.
You shoot an arrow. The arrow hits the ball python.
The ball python is severely wounded.
You shoot an arrow. The arrow hits the ball python!
You kill the ball python!
A ball python is nearby!
You shoot an arrow. The arrow hits the ball python.
You kill the ball python!
d - a smoky coppery potion
Found a There-And-Back Book.
Natasha and a frilled lizard come into view.
You shoot an arrow. The arrow hits Natasha.
Natasha hisses angrily.
Natasha is moderately wounded.
You shoot an arrow. The arrow closely misses Natasha.
You shoot an arrow. The arrow hits Natasha.
Natasha is heavily wounded.
You shoot an arrow. The arrow hits Natasha.
Natasha is severely wounded.
Natasha closely misses you.
You shoot an arrow. The arrow barely misses Natasha.
Natasha hisses.
Natasha closely misses you.
You shoot an arrow. The arrow hits Natasha.
Natasha is almost dead.
Natasha claws you! The frilled lizard closely misses you.
You shoot an arrow. The arrow closely misses Natasha.
Natasha stares at you and mumbles some strange words.
The magic dart hits you.
The frilled lizard completely misses you.
You shoot an arrow. The arrow hits Natasha.
Natasha is almost dead.
Natasha claws you.
The frilled lizard bites you but does no damage.
501 ||| READING scroll of teleportation.
As you read the scroll of teleportation, it crumbles to dust.
You feel strangely unstable. Natasha claws you!
You die...
Natasha begins licking her fur clean.

#######
.......
.......
.......
.......
######h......
##....@l...:..
#
#..####.......
#[#######.##
.......
#......<...#
.....!.
#..........#
.......
#.........)#
#######
#.######.###
.. #.# # ...


You could see Natasha and a frilled lizard.

Vanquished Creatures
  A dart slug (D:1)
  3 endoplasms (D:1)
  A giant cockroach (D:1)
  3 hobgoblins (D:1)
  4 jackals (D:1)
  5 ball pythons
  3 bats (D:1)
  2 frilled lizards (D:1)
  5 goblins (D:1)
  6 kobolds
  4 rats (D:1)
37 creatures vanquished.

Notes
Turn   | Place    | Note
-------+----------+-------------------------------------------
     0 | D:1      | qw the Deep Elf Hunter began the quest for the Orb.
     0 | D:1      | Reached XP level 1. HP: 12/12 MP: 3/3
     0 | D:1      | 0 ||| qw: Version: 0.3-a-155-g5e7d8dd
     0 | D:1      | 0 ||| qw: Game counter: 343
     0 | D:1      | 0 ||| qw: Melee chars always use a shield: true
     0 | D:1      | 0 ||| qw: God list: Okawaru
     0 | D:1      | 0 ||| qw: Allow faded altars: false
     0 | D:1      | 0 ||| qw: Do Orc after clearing Dungeon:15 true
     0 | D:1      | 0 ||| qw: Do second Lair branch before Depths: true
     0 | D:1      | 0 ||| qw: Lair rune preference: random
     0 | D:1      | 0 ||| qw: Goals: Normal
     0 | D:1      | 0 ||| PLANNING D:1-11
    94 | D:1      | Reached XP level 2. HP: 16/16 MP: 4/4
   104 | D:1      | Reached skill level 6 in Ranged Weapons
   274 | D:1      | Reached XP level 3. HP: 20/20 MP: 5/5
   444 | D:1      | Found a faded altar of an unknown god.
   451 | D:1      | 451 ||| READING scroll labelled LYNAGI XEATSAULIS.
   452 | D:1      | 452 ||| READING 2 scrolls labelled YJYFUD MUYHOAKH.
   456 | D:1      | 456 ||| READING scroll labelled SAWIL MEROKI.
   456 | D:1      | 456 ||| IDENTIFYING smoky cyan potion
   457 | D:1      | 457 ||| DROPPING scroll of butterflies.
   492 | D:2      | Noticed Natasha
   500 | D:2      | HP: 5/20 [Natasha (2)]
   501 | D:2      | 501 ||| READING scroll of teleportation.
   501 | D:2      | Slain by Natasha

Levels and vault maps discovered:
D:1:      orjb1_lava_funnel, layout_rooms,
          hellmonk_ecumenical_altar_defaced_shrine
D:2:      layout_rooms, corexii_leaking_fountain, uniq_natasha, uniq_jessica

Skill      XL: |  1  2 |
---------------+-------+-----
Ranged Weapons | 6 |  6.9
Fighting       | |  1.5
Dodging        | |  2.4
Stealth        | |  1.2

Action                     || total
---------------------------++-------
   Fire: Shortbow          ||    81
    Use: Scroll            ||     4
 Armour: Leather armour    ||    16
  Dodge: Dodged            ||     9

Table legend:
 A = Non-vault XP
 B = Vault XP
 C = Vault XP percentage of total XP
 D = Non-vault monster count
 E = Vault monster count
 F = Vault count percentage of total count
                 A         B        C        D         E       F
            +---------+---------+-------+---------+---------+-------
      Total |      54 |       5 |   8.5 |      35 |       2 |   5.4
            +---------+---------+-------+---------+---------+-------
        D:1 |      49 |       5 |   9.3 |      32 |       2 |   5.9
        D:2 |       5 |       0 |   0.0 |       3 |       0 |   0.0
            +---------+---------+-------+---------+---------+-------
